 Dungeon Crawl Stone Soup version 0.21-a0-361-g4efd3f9 (webtiles) character file.

31184 Dfrag the Destroyer (level 13, -2/79 HPs)
             Began as a Demonspawn Fire Elementalist on Oct 13, 2017.
             Was a High Priest of Vehumet.
             Slain by a death yak (18 damage)
             ... on level 4 of the Lair of Beasts.
             The game lasted 00:32:31 (14772 turns).

Dfrag the Destroyer (Demonspawn Fire Elementalist) Turns: 14772, Time: 00:32:32

Health: -2/79      AC: 10    Str: 10    XL:     13   Next: 24%
Magic:  10/29      EV: 12    Int: 19    God:    Vehumet [*****.]
Gold:   876        SH:  0    Dex: 15    Spells: 15/36 levels left

rFire    . . .     SeeInvis .   h - +2 hand axe (freeze)
rCold    + . .     Gourm    .   (no shield)
rNeg     . . .     Faith    .   J - +1 robe {Archmagi}
rPois    +         Spirit   .   (no helmet)
rElec    .         Reflect  .   (no cloak)
rCorr    .         Harm     .   q - +2 pair of gloves
MR       .....                  i - +0 pair of boots
Stlth    ++........             (no amulet)
HPRegen  0.23/turn              Q - ring of protection from cold
MPRegen  0.21/turn              F - ring of poison resistance

@: no status effects
A: talons 2, icy blue scales 2, powered by death 2, rot immunity
a: Renounce Religion


You were on level 4 of the Lair of Beasts.
You worshipped Vehumet.
Vehumet was extremely pleased with you.
You were not hungry.

You visited 3 branches of the dungeon, and saw 15 of its levels.

You collected 876 gold pieces.

Inventory:

Hand Weapons
 h - a +2 hand axe of freezing (weapon)
 D - a +1 whip of freezing
 N - the +14 mace of Variability {chaos}
   (You found it on level 10 of the Dungeon)

   Each time it hits an enemy it has a different, random effect.
Missiles
 O - 6 javelins of penetration (quivered)
Armour
 a - a +0 robe
 i - a +0 pair of boots (worn)
 q - a +2 pair of gloves (worn)
 J - a +1 robe of the Archmagi (worn)
Magical Staves
 W - an uncursed staff of poison
Jewellery
 w - an uncursed ring of resist corrosion
 F - a ring of poison resistance (right hand)
 Q - a ring of protection from cold (left hand)
Wands
 z - a wand of disintegration (12/24)
 E - a wand of iceblast (4/15)
 G - a wand of lightning (12/15)
 S - a wand of scattershot (4/9)
Scrolls
 d - 5 scrolls of remove curse
 f - a scroll of torment
 g - 5 scrolls of teleportation
 j - 2 scrolls of random uselessness
 m - a scroll of identify
 p - 3 scrolls of enchant weapon
 s - 2 scrolls of enchant armour
 t - 4 scrolls of magic mapping
 y - a scroll of fog
 B - 6 scrolls of recharging
 H - 2 scrolls of blinking
 L - 3 scrolls of amnesia {unknown}
 V - a scroll of holy word {unknown}
Potions
 k - 6 potions of curing
 n - a potion of flight {unknown}
 r - 4 potions of agility
 u - 4 potions of lignification {unknown}
 v - 3 potions of might
 x - 2 potions of invisibility {unknown}
 R - 2 potions of brilliance {unknown}
 X - 2 potions of degeneration {unknown}
Books
 b - a book of Flames

   Spells                             Type                      Level
   a - Flame Tongue                   Conjuration/Fire             1
   b - Throw Flame                    Conjuration/Fire             2
   c - Conjure Flame                  Conjuration/Fire             3
   d - Inner Flame                    Hexes/Fire                   3
   e - Sticky Flame                   Conjuration/Fire             4
   f - Fireball                       Conjuration/Fire             5
 e - a book of Battle

   Spells                             Type                      Level
   a - Infusion                       Charms                       1
   b - Shroud of Golubria             Charms/Translocation         2
   c - Song of Slaying                Charms                       2
   d - Spectral Weapon                Hexes/Charms                 3
   e - Regeneration                   Charms/Necromancy            3
 P - a book of Frost

   Spells                             Type                      Level
   a - Freeze                         Ice                          1
   b - Throw Frost                    Conjuration/Ice              2
   c - Ozocubu's Armour               Charms/Ice                   3
   d - Throw Icicle                   Conjuration/Ice              4
   e - Summon Ice Beast               Ice/Summoning                4
Comestibles
 c - 6 bread rations
 l - 6 meat rations
 o - 4 chunks of flesh
 I - 2 royal jellies
 T - 3 fruits


   Skills:
 - Level 1.7 Dodging
 - Level 1.7 Stealth
 + Level 12.1 Spellcasting
 + Level 12.9 Conjurations
 + Level 12.2 Fire Magic


You had 15 spell levels left.
You knew the following spells:

 Your Spells              Type           Power        Failure   Level  Hunger
a - Flame Tongue          Conj/Fire      #####        1%          1    None
b - Conjure Flame         Conj/Fire      ######..     1%          3    None
c - Sticky Flame          Conj/Fire      ######..     1%          4    #......
d - Fireball              Conj/Fire      ######....   1%          5    ####...
e - Mephitic Cloud        Conj/Pois/Air  #####...     1%          3    None
f - Lightning Bolt        Conj/Air       ######....   3%          5    ####...


Dungeon Overview and Level Annotations

Branches:
Dungeon (10/15)            Temple (1/1) D:4            Lair (4/6) D:8
 Shoals (0/4) Lair:3        Snake (0/4) Lair:2          Orc (0/2) D:9

Altars:
Ashenzari
Cheibriados
Dithmenos
Elyvilon
Fedhas
Gozag
Hepliaklqana
Kikubaaqudgha
Makhleb
Nemelex Xobeh
Okawaru
Qazlal
Ru
Sif Muna
Trog
Uskayaw
Vehumet
Wu Jian
Xom
Yredelemnul
Zin
The Shining One

Annotations:
D:9 blexxed's ghost, novice GnTm
D:10 Gastronok


Innate Abilities, Weirdness & Mutations

You have razor-sharp toenails.
You are mostly covered in icy blue scales. (AC +3)
You regenerate health from kills.
You are immune to rotting.


Message History

The death yak barely misses you.
Casting: Fireball
Confirm with . or Enter, or press ? or * to list all spells.
Aiming: Sticky Flame
Press: ? - help, Shift-Dir - straight line, f/p - death yak
Aim: a death yak (lightly wounded)
You feel a surge of power!
The sticky flame hits the death yak.
The death yak is lightly wounded.
The death yak is covered in liquid flames!
The death yak burns!
The death yak gores you but does no damage.
The death yak gores you!! x2
Unknown command.
You hit the plant but do no damage. You hit the death yak.
You freeze the death yak. You completely miss the death yak.
You barely miss the death yak.
The death yak burns! x2
The death yak gores you! x2
* * * LOW HITPOINT WARNING * * *
The death yak gores you!!
You die...

#..#### #### ## #.........
##.†#P##...##
##.####.........
##...........
........$.......
............. ###............
##........... ##..Y..#......
####.......#####P....##......
#..........###Y...# ###..
##...≈≈≈≈≈≈.P#Y....# .
#....≈##≈P≈..@YS...##.
#....≈≈###≈...Y........
#..†.≈≈#≈#≈............
##....≈###≈≈.......####.
##.....≈≈##≈≈...P...#
##......≈≈≈≈≈≈.......#
#......................
...............#.....###
....##...P..P....#....#


You could see 5 death yaks and a water moccasin.

Vanquished Creatures
  A dire elephant (Lair:2)
  3 hydras
  4 two-headed ogres
  Urug (Lair:2)
  An unseen horror (D:10)
  Pikel (D:5)
  2 black mambas
  12 elephants (Lair:2)
  Psyche (D:9)
  3 spiny frogs
  A rime drake (Lair:1)
  4 komodo dragons
  The ghost of Sonofthefire the Sneak, a novice GrAs (D:5)
  2 trolls (D:10)
  3 blink frogs (Lair:4)
  2 hippogriffs (Lair:2)
  A spriggan (Lair:2)
  44 yaks
  A wyvern (D:9)
  A steam dragon (Lair:3)
  2 vampire mosquitoes (D:9)
  4 hungry ghosts
  4 nagas (Lair:2)
  A two-headed ogre zombie (D:9)
  4 water moccasins
  4 porcupines
  2 black bears
  3 orc warriors (D:9)
  A sky beast (D:8)
  5 ice beasts
  4 ogres
  2 necrophages
  3 phantoms
  8 centaurs
  A big kobold (D:9)
  4 crocodiles
  16 bullfrogs
  A wyvern zombie (D:6)
  A gnoll sergeant (D:9)
  2 troll zombies (D:9)
  2 scorpions
  8 wights (D:10)
  5 howler monkeys
  6 electric eels
  A crimson imp (D:7)
  A centaur zombie (D:5)
  A bullfrog zombie (D:6)
  4 jellies
  7 hounds
  4 orc priests
  An iron imp (D:8)
  3 bullfrog skeletons
  2 centaur skeletons
  4 iguanas
  8 orc wizards
  3 worker ants
  5 ogre zombies (D:9)
  A hound zombie (D:9)
  2 hound skeletons
  A howler monkey zombie (D:8)
  12 gnolls
  A worker ant zombie (D:7)
  14 adders
  3 shadow imps
  2 oozes
  2 adder skeletons
  4 worms
  4 dart slugs
  6 leopard geckos
  22 orcs
  9 giant cockroaches
  7 goblins
  10 hobgoblins
  6 jackals
  15 kobolds
  6 quokkas
  A ball python (D:2)
  10 bats
  7 frilled lizards
  3 goblin zombies (D:9)
  2 hobgoblin skeletons (D:9)
  3 hobgoblin zombies (D:9)
  A jackal skeleton (D:4)
  A jackal zombie (D:8)
  A leopard gecko skeleton (D:5)
  A leopard gecko zombie (D:5)
  7 orc skeletons (D:9)
  10 orc zombies (D:9)
  12 rats
  4 fungi (Lair:2)
  11 plants (Lair:2)
427 creatures vanquished.

Vanquished Creatures (others)
  58 fungi
  26 plants (Lair:2)
84 creatures vanquished.

Grand Total: 511 creatures vanquished

Notes
Turn   | Place    | Note
-------+----------+-------------------------------------------
     0 | D:1      | Dfrag the Demonspawn Fire Elementalist began the quest for the Orb.
     0 | D:1      | Reached XP level 1. HP: 13/13 MP: 3/3
   121 | D:1      | Gained mutation: You have sharp toenails. [demonic ancestry]
   121 | D:1      | Reached XP level 2. HP: 12/19 MP: 1/5
   447 | D:1      | Gained mutation: You regenerate a little health from kills. [demonic ancestry]
   447 | D:1      | Reached XP level 3. HP: 12/24 MP: 1/6
  1018 | D:2      | Gained mutation: You regenerate health from kills. [demonic ancestry]
  1018 | D:2      | Reached XP level 4. HP: 23/30 MP: 4/8
  1364 | D:3      | Learned a level 3 spell: Conjure Flame
  1369 | D:3      | Learned a level 4 spell: Sticky Flame
  1426 | D:3      | Reached XP level 5. HP: 27/35 MP: 0/9
  2173 | D:4      | Gained mutation: You have razor-sharp toenails. [demonic ancestry]
  2173 | D:4      | Reached XP level 6. HP: 17/41 MP: 8/11
  2441 | D:4      | Found a staircase to the Ecumenical Temple.
  2448 | Temple   | Entered the Ecumenical Temple
  2636 | Temple   | Became a worshipper of Vehumet
  2758 | D:5      | Entered Level 5 of the Dungeon
  2894 | D:5      | Noticed Sonofthefire's ghost (novice GrAs)
  2918 | D:5      | Found a basalt altar of Yredelemnul.
  2972 | D:5      | Killed Sonofthefire's ghost
  2972 | D:5      | Reached skill level 5 in Fire Magic
  2972 | D:5      | Reached XP level 7. HP: 14/46 MP: 0/14
  3407 | D:5      | Noticed Pikel
  3429 | D:5      | Killed Pikel
  3429 | D:5      | Reached skill level 5 in Spellcasting
  3429 | D:5      | Reached skill level 5 in Conjurations
  3429 | D:5      | Reached XP level 8. HP: 31/52 MP: 7/16
  3526 | D:5      | Found a shattered altar of Ashenzari.
  3935 | D:6      | Reached * piety under Vehumet
  3935 | D:6      | Offered knowledge of Freeze by Vehumet.
  4219 | D:6      | Gained mutation: You are partially covered in icy blue scales. (AC +2) [demonic ancestry]
  4219 | D:6      | Reached XP level 9. HP: 48/57 MP: 12/18
  4698 | D:7      | Reached ** piety under Vehumet
  4698 | D:7      | Offered knowledge of Sandblast by Vehumet.
  4771 | D:7      | Learned a level 5 spell: Fireball
  4921 | D:7      | Found a hazy altar of Hepliaklqana.
  4995 | D:7      | Found a glowing silver altar of Zin.
  5584 | D:8      | Noticed a two-headed ogre
  5584 | D:8      | Noticed a two-headed ogre
  5595 | D:8      | Killed a two-headed ogre
  5595 | D:8      | Reached XP level 10. HP: 63/63 MP: 7/22
  5596 | D:8      | Killed a two-headed ogre
  5681 | D:8      | Offered knowledge of Mephitic Cloud by Vehumet.
  5766 | D:8      | Found a radiant altar of Vehumet.
  5805 | D:8      | Learned a level 3 spell: Mephitic Cloud
  5889 | D:8      | Found a snail-covered altar of Cheibriados.
  5903 | D:8      | Reached *** piety under Vehumet
  6162 | D:8      | Found a staircase to the Lair.
  6320 | D:8      | Found a bloodstained altar of Trog.
  6342 | D:8      | Found a sacrificial altar of Ru.
  6345 | D:8      | Found a deep blue altar of Sif Muna.
  6348 | D:8      | Found a glowing golden altar of the Shining One.
  6351 | D:8      | Found a stormy altar of Qazlal.
  6474 | D:8      | Noticed a two-headed ogre
  6478 | D:8      | Killed a two-headed ogre
  7138 | D:9      | Noticed Psyche
  7458 | D:9      | Offered knowledge of Ignite Poison by Vehumet.
  7658 | D:9      | Killed Psyche
  7683 | D:9      | Gained mutation: You are mostly covered in icy blue scales. (AC +3) [demonic ancestry]
  7683 | D:9      | Reached XP level 11. HP: 68/68 MP: 2/24
  7844 | D:9      | Reached **** piety under Vehumet
  7990 | D:9      | Reached skill level 10 in Conjurations
  8019 | D:9      | Offered knowledge of Force Lance by Vehumet.
  8021 | D:9      | Noticed blexxed's ghost (novice GnTm)
  8302 | D:9      | Found a staircase to the Orcish Mines.
  8483 | D:9      | Reached ***** piety under Vehumet
  8484 | D:9      | Offered knowledge of Lightning Bolt by Vehumet.
  8660 | D:9      | Noticed a two-headed ogre
  8671 | D:9      | Killed a two-headed ogre
  8671 | D:9      | Reached skill level 10 in Fire Magic
  8933 | D:10     | Entered Level 10 of the Dungeon
  9005 | D:10     | Learned a level 5 spell: Lightning Bolt
  9150 | D:10     | Reached skill level 10 in Spellcasting
  9398 | D:10     | Noticed Gastronok
  9591 | D:10     | Found the +14 mace of Variability {chaos}
  9658 | D:10     | Noticed an unseen horror
  9661 | D:10     | Killed an unseen horror
  9939 | Lair:1   | Entered Level 1 of the Lair of Beasts
  9945 | Lair:1   | Noticed a six-headed hydra
 10160 | Lair:2   | Noticed a four-headed hydra
 10165 | Lair:2   | Killed a four-headed hydra
 10314 | Lair:2   | Noticed Urug
 10320 | Lair:2   | Killed Urug
 10320 | Lair:2   | Gained mutation: You are immune to rotting. [demonic ancestry]
 10320 | Lair:2   | Reached XP level 12. HP: 69/74 MP: 4/26
 10321 | Lair:2   | Offered knowledge of Olgreb's Toxic Radiance by Vehumet.
 10322 | Lair:2   | Found a staircase to the Snake Pit.
 10644 | Lair:2   | Noticed a dire elephant
 10703 | Lair:2   | Killed a dire elephant
 10712 | Lair:2   | Found the +4 Vampire's Tooth {vamp}
 13113 | Lair:1   | Killed a six-headed hydra
 13181 | Lair:1   | Reached XP level 13. HP: 77/79 MP: 13/28
 13751 | Lair:3   | Found a shadowy altar of Dithmenos.
 14218 | Lair:3   | Found a staircase to the Shoals.
 14772 | Lair:4   | Slain by a death yak

Vault maps used:
D:1:      nzn_arrival_settlement
D:2:      first_bread, minmay_cupped
D:4:      minmay_temple_entry_nine_rooms, grunt_ministairs_10
D:5:      lemuel_doored_altar, minivault_11, grunt_ministairs_11,
          small_statue_intersection, dk_noncrumbling_3, hangedman_decor_lopped,
          lemuel_tele_altar, uniq_pikel
D:6:      grunt_decor_resistance
D:7:      zin_statuary, marbit_many_paths
D:8:      slow_altar_1, bloody_trog, grunt_temple_overflow_cloverleaf,
          lair_entry_dummy, serial_bayou, serial_bayou_pond_d,
          serial_bayou_pond_b, serial_bayou_pond_b, serial_bayou_lake_a,
          basic_altar
D:9:      kennysheep_housing_project, zombieorc2_lemuel, lightli_orcish_oven,
          uniq_psyche
D:10:     uniq_gastronok
Temple:   nicolae_temple_figure_eight
Lair:2:   mu_elephants_graveyard, minmay_snake_entry_guardpost_small, uniq_urug
Lair:3:   minmay_shoals_entry_centaurs, basic_altar

Skill      XL: |  1  2  3  4  5  6  7  8  9 10 11 12 13 |
---------------+----------------------------------------+-----
Fire Magic     | 3 4 5 6 8 9 10 11 12 | 12.2
Conjurations   | 2 3 4 5 6 8 9 11 12 | 12.9
Spellcasting   | 3 4 5 6 8 9 10 11 12 | 12.1
Dodging        | |  1.7
Stealth        | |  1.7

Action                   |  1- 3 |  4- 6 |  7- 9 | 10-12 | 13-15 || total
-------------------------+-------+-------+-------+-------+-------++-------
Melee: Unarmed           |    41 |       |       |       |       ||    41
       Hand axe          |    33 |    96 |   156 |   206 |    20 ||   511
       Kick              |     2 |       |       |       |       ||     2
 Cast: Flame Tongue      |    44 |    99 |    93 |   167 |    15 ||   418
       Sticky Flame      |       |     2 |    31 |    92 |    16 ||   141
       Fireball          |       |       |     4 |   127 |    22 ||   153
       Conjure Flame     |       |       |     2 |     2 |       ||     4
  Use: Scroll            |       |       |       |    14 |     4 ||    18
       Potion            |       |       |       |     2 |       ||     2
 Stab: Sleeping          |     3 |     5 |       |     1 |       ||     9
  Eat: Chunk             |     1 |     7 |    11 |    54 |     9 ||    82
       Royal jelly       |       |       |     1 |     1 |       ||     2
       Fruit             |       |       |       |     1 |       ||     1
Armor: Robe              |    26 |    49 |    92 |   145 |    14 ||   326
Dodge: Dodged            |    76 |   103 |   138 |   251 |    28 ||   596

Table legend:
 A = Spawn XP
 B = Non-spawn XP
 C = Spawn XP percentage of total XP
 D = Spawn monster count
 E = Non-spawn monster count
 F = Spawn count percentage of total count
 G = Total turns spent on level
                    A         B        C        D         E        F      G
               +---------+---------+-------+---------+---------+-------+---------
         Total |       0 |   44549 |   0.0 |       0 |     412 |   0.0 | 14772
               +---------+---------+-------+---------+---------+-------+---------
           D:1 |       0 |      46 |   0.0 |       0 |      24 |   0.0 |   711
           D:2 |       0 |     117 |   0.0 |       0 |      24 |   0.0 |   666
           D:3 |       0 |     167 |   0.0 |       0 |      33 |   0.0 |   711
           D:4 |       0 |     135 |   0.0 |       0 |      11 |   0.0 |   464
           D:5 |       0 |    1550 |   0.0 |       0 |      19 |   0.0 |  1114
           D:6 |       0 |    1300 |   0.0 |       0 |      21 |   0.0 |   688
           D:7 |       0 |    1011 |   0.0 |       0 |      24 |   0.0 |   716
           D:8 |       0 |    4313 |   0.0 |       0 |      36 |   0.0 |  1823
           D:9 |       0 |    6556 |   0.0 |       0 |     102 |   0.0 |  1925
          D:10 |       0 |    4140 |   0.0 |       0 |      32 |   0.0 |   915
        Lair:1 |       0 |    5539 |   0.0 |       0 |      22 |   0.0 |   649
        Lair:2 |       0 |   13317 |   0.0 |       0 |      36 |   0.0 |  2996
        Lair:3 |       0 |    2629 |   0.0 |       0 |      14 |   0.0 |   894
        Lair:4 |       0 |    3729 |   0.0 |       0 |      14 |   0.0 |   294
               +---------+---------+-------+---------+---------+-------+---------
